 Dungeon Crawl Stone Soup version 0.29-a0-234-g0dae59b3db (webtiles) character file.

Game seed: 3710432940288561700

2558 Ordine the Basher (level 9, -14/57 HPs)
             Began as a Tengu Fighter on Mar 2, 2022.
             Demolished by a boulder beetle (29 damage)
             ... on level 7 of the Dungeon.
             The game lasted 00:14:27 (6902 turns).

Ordine the Basher (Tengu Fighter)                   Turns: 6902, Time: 00:14:27

Health: -14/57     AC: 13    Str: 20    XL:     9   Next: 56%
Magic:  10/10      EV:  6    Int:  8    God:
Gold:   429        SH: 12    Dex: 15    Spells: 8/8 levels left

rFire   + . .      SeeInvis .   C - +0 flail (protect)
rCold   . . .      Faith    .   G - +2 buckler
rNeg    . . .      Spirit   .   m - +1 plate armour "Jouptes" {Rampage}
rPois   .          Reflect  +   (helmet restricted)
rElec   .          Harm     .   (no cloak)
rCorr   .          Rampage  +   h - +0 pair of gloves
Will    .....                   (boots unavailable)
Stlth   ..........              e - amulet of reflection
HPRegen 0.19/turn               p - ring of protection from fire
MPRegen 0.12/turn               (no ring)

@: flying quickly and evasively, quick
A: beak, talons 3, nimble flight
a: no special abilities


You were on level 7 of the Dungeon.
You visited 2 branches of the dungeon, and saw 8 of its levels.

You collected 429 gold pieces.

Inventory:

Hand Weapons
 C - a +0 flail of protection (weapon)
Missiles
 j - 57 poisoned darts (quivered)
Armour
 h - a +0 pair of gloves (worn)
 m - the +1 plate armour "Jouptes" (worn) {Rampage}
   (You found it on level 2 of the Dungeon)

   Rampage:   It bestows one free step when moving towards enemies.
 F - +0 steam dragon scales
 G - a +2 buckler (worn)
Jewellery
 e - an amulet of reflection (around neck)
 p - a ring of protection from fire (left hand)
 y - an amulet of regeneration
Wands
 a - a wand of iceblast (5)
Scrolls
 b - 2 scrolls of magic mapping {unknown}
 f - 4 scrolls of identify {unknown}
 g - 3 scrolls of fear {unknown}
 l - 2 scrolls of vulnerability {unknown}
 r - 2 scrolls of summoning {unknown}
 s - 2 scrolls of enchant weapon {unknown}
 v - a scroll of amnesia {unknown}
 w - a scroll of brand weapon {unknown}
 x - a scroll of teleportation {unknown}
 z - 2 scrolls of fog {unknown}
 D - a scroll of torment {unknown}
Potions
 i - a potion of ambrosia {unknown}
 k - a potion of curing
 n - a potion of berserk rage {unknown}
 o - a potion of magic {unknown}
 q - a potion of haste {unknown}
 t - 2 potions of degeneration {unknown}
 u - a potion of heal wounds {unknown}
 A - a potion of flight {unknown}
 B - a potion of attraction {unknown}
 E - a potion of brilliance {unknown}


   Skills:
 + Level 7.0 Fighting
 * Level 10.1 Maces & Flails
 + Level 6.1 Throwing
 - Level 3.2 Armour
 - Level 3.0 Shields


You had 8 spell levels left.
You didn't know any spells.
Your spell library contained the following spells:

 Spells                   Type           Power      Damage    Failure   Level
 Corpse Rot               Necr/Air       0%         N/A       100%        2
 Poisonous Vapours        Pois/Air       0%         N/A       100%        2
 Dazzling Flash           Conj/Hex       0%         N/A       100%        3
 Ignite Poison            Fire/Tmut/Pois 0%         N/A       100%        3
 Mephitic Cloud           Conj/Pois/Air  0%         N/A       100%        3
 Tukima's Dance           Hex            0%         N/A       100%        3
 Passage of Golubria      Tloc           0%         N/A       100%        4
 Agony                    Necr           0%         N/A       100%        5
 Freezing Cloud           Conj/Ice/Air   0%         6-21      100%        5
 Silence                  Hex/Air        0%         N/A       100%        5
 Yara's Violent Unravell  Hex/Tmut       0%         3d3       100%        5
 Malign Gateway           Summ/Tloc      0%         N/A       100%        7
 Summon Horrible Things   Summ           0%         N/A       100%        8


Dungeon Overview and Level Annotations

Branches:
Dungeon (7/15)             Temple (1/1) D:5

Altars:
Ashenzari
Cheibriados
Dithmenos
Elyvilon
Fedhas
Gozag
Kikubaaqudgha
Nemelex Xobeh
Ru
Sif Muna
Uskayaw
Vehumet
Xom
Yredelemnul
Zin


Innate Abilities, Weirdness & Mutations

You have a beak for a mouth.
You have claws for feet.
Your magical nature lets you fly swiftly and evasively.


Message History

The killer bee poisons you! You block the killer bee's attack.
Unknown command.
You feel better.
The killer bee stings you but does no damage.
You block the killer bee's attack. x2
The killer bee stings you but does no damage.
You hit the killer bee.
You kill the killer bee!
The killer bee closely misses you.
The killer bee stings you but does no damage.
Your Fighting skill increases to level 7!
You miss the killer bee. Your kick misses the killer bee.
The killer bee completely misses you. The killer bee stings you.
* * * LOW HITPOINT WARNING * * *
You completely miss the killer bee. Your kick misses the killer bee.
Your peck misses the killer bee. You block the killer bee's attack.
The killer bee stings you but does no damage.
You miss the killer bee. Your peck misses the killer bee.
The killer bee stings you but does no damage.
You block the killer bee's attack.
You sock the killer bee! Your kick misses the killer bee.
The killer bee is heavily wounded.
The killer bee barely misses you. You block the killer bee's attack.
You sock the killer bee!
You kill the killer bee!
Items here: ( ) [ †††††.
Okay, then.
You start resting.
You feel a little less mighty now.
You start resting.
A gnoll comes into view. It is wielding a +0 mace.
A boulder beetle and an orc warrior come into view.
The orc warrior shouts!
The boulder beetle curls into a ball and begins rolling!
Items here: ( ) [ †††††.
There are monsters nearby!
Items here: ( ) [ †††††.
The boulder beetle hits you!!
Ouch! That really hurt!
You die...

##...............
#..#>.#..........
##....##..........
##..)###.......g...
#....###....... ...
#.............. ..
###..............
######..##.......##...
.
##...#.(..@............
#.........B....###.....
##........○............
##########°#..........
o#....○.#..........
o#.#..#°#..........
#..##.°#.......... #.
#°.#....g..... #
°#.#.....g....


You could see a boulder beetle (rolling) and a gnoll (wandering).

Vanquished Creatures
  Maggie (D:6)
  4 ice beasts
  An orc warrior (D:7)
  An ogre (D:5)
  A centaur (D:7)
  A kobold brigand (D:6)
  2 bullfrogs (D:7)
  3 necrophages
  4 scorpions
  6 killer bees (D:7)
  5 howler monkeys
  A jelly (D:6)
  3 hounds
  3 orc priests
  A gnoll shaman (D:7)
  An iguana (D:6)
  Jessica (D:3)
  An orc wizard (D:6)
  8 gnolls
  9 adders
  A white imp (D:6)
  2 ufetubi (D:6)
  3 dart slugs
  17 orcs
  4 bats
  10 endoplasms
  4 giant cockroaches
  4 goblins
  8 hobgoblins
  4 jackals
  3 quokkas
  4 ball pythons
  3 frilled lizards
  22 kobolds
  7 rats
153 creatures vanquished.

Vanquished Creatures (others)
  2 kobolds (D:6)
  103 plants
105 creatures vanquished.

Grand Total: 258 creatures vanquished

Notes
Turn   | Place    | Note
-------+----------+-------------------------------------------
     0 | D:1      | Ordine the Tengu Fighter began the quest for the Orb.
     0 | D:1      | Reached XP level 1. HP: 14/14 MP: 2/2
   350 | D:1      | Reached XP level 2. HP: 17/19 MP: 3/3
  1012 | D:2      | Reached skill level 3 in Maces & Flails
  1017 | D:2      | Found a faded altar of an unknown god.
  1020 | D:2      | Reached skill level 1 in Throwing
  1068 | D:2      | Reached XP level 3. HP: 21/23 MP: 4/4
  1394 | D:2      | Reached XP level 4. HP: 26/28 MP: 5/5
  1607 | D:2      | Identified the +1 plate armour "Jouptes" {Rampage}
  1820 | D:3      | Noticed Jessica
  1841 | D:3      | Killed Jessica
  1842 | D:3      | Reached skill level 4 in Maces & Flails
  1958 | D:3      | Gained mutation: Your magical nature lets you fly swiftly
                  | and evasively. [Tengu growth]
  1958 | D:3      | Reached XP level 5. HP: 33/33 MP: 6/6
  1980 | D:3      | Found a radiant altar of Vehumet.
  3162 | D:4      | Reached XP level 6. HP: 38/38 MP: 7/7
  3199 | D:5      | Entered Level 5 of the Dungeon
  3266 | D:5      | Reached skill level 5 in Maces & Flails
  3880 | D:5      | Reached XP level 7. HP: 44/44 MP: 8/8
  3884 | D:5      | Reached skill level 6 in Maces & Flails
  4254 | D:5      | Reached skill level 5 in Fighting
  4324 | D:5      | Found a staircase to the Ecumenical Temple.
  4330 | Temple   | Entered the Ecumenical Temple
  4734 | D:6      | Reached skill level 7 in Maces & Flails
  4823 | D:6      | Reached XP level 8. HP: 49/49 MP: 9/9
  5252 | D:6      | Noticed Maggie
  5281 | D:6      | Killed Maggie
  5282 | D:6      | Reached skill level 8 in Maces & Flails
  5697 | D:6      | Reached skill level 5 in Throwing
  6272 | D:6      | Reached XP level 9. HP: 46/55 MP: 10/10
  6532 | D:7      | Reached skill level 9 in Maces & Flails
  6871 | D:7      | Reached skill level 10 in Maces & Flails
  6897 | D:7      | Noticed a boulder beetle
  6902 | D:7      | Demolished by a boulder beetle

Illustrated notes

Levels and vault maps discovered:
D:1:      amcnicky_arrival_flooded_fountain, layout_basic, minmay_cupped
D:2:      layout_rooms, basic_ecumenical_altar, minmay_circled_x
D:3:      layout_basic, mainiacjoe_overflow_paths, uniq_jessica
D:4:      layout_cave_pods
D:5:      layout_loops_ring, minmay_temple_entry_enclosed_plants,
          serial_bayou_lagoon_b
D:6:      kennysheep_kobold_camp, layout_basic, uniq_maggie
D:7:      minmay_clustersquares, layout_cave_pools
Temple:   jpeg_temple_clearing

Skill      XL: |  1  2  3  4  5  6  7  8  9 |
---------------+----------------------------+-----
Maces & Flails | 3 4 5 7 8 10 | 10.1
Throwing       | 1 2 3 4 5 6 |  6.1
Fighting       | 4 5 6 7 |  7.0
Armour         | |  3.2
Shields        | |  3.0

Action                   |  1- 3 |  4- 6 |  7- 9 || total
-------------------------+-------+-------+-------++-------
Melee: Flail             |    76 |   128 |   266 ||   470
       Kick              |    15 |    33 |    97 ||   145
       Peck              |    10 |     9 |    56 ||    75
Throw: Dart              |       |     1 |       ||     1
  Use: Potion            |       |       |     5 ||     5
Armor: Scale mail        |    35 |     8 |       ||    43
       Plate armour      |       |    52 |   120 ||   172
Dodge: Dodged            |    21 |    23 |    53 ||    97
Block: Buckler           |    35 |    50 |   143 ||   228
       Reflection        |       |       |     5 ||     5

Table legend: (Time is in decaauts)
 A = Elapsed time spent in this place.
 B = Non-inter-level travel time spent in this place.
 C = Inter-level travel time spent in this place.
 D = Time resting spent in this place.
 E = Time spent auto-exploring this place.
 F = Levels seen in this place.
 G = Mean time per level.
                   A        B        C        D        E       F      G
               +--------+--------+--------+--------+--------+-----+--------+
         Total |   6684 |   6436 |    248 |    183 |   5197 |   8 |  835.5 |
       Dungeon |   6606 |   6373 |    233 |    183 |   5147 |   7 |  943.7 |
        Temple |     78 |     63 |     15 |      0 |     49 |   1 |   78.0 |
               +--------+--------+--------+--------+--------+-----+--------+

Top non-repeatable levels by time:
     D:6: 1728 daAuts
     D:5: 1341 daAuts
     D:1: 1017 daAuts
     D:2: 823 daAuts
     D:4: 811 daAuts
     D:3: 494 daAuts
     D:7: 388 daAuts
  Temple: 78 daAuts
